 Dungeon Crawl Stone Soup version 0.28-a0-664-gc179e30c89 (webtiles) character file.

Game seed: 10824509396735607385

212 quinnr the Gusty (level 5, 0/30 HPs)
             Began as a Tengu Air Elementalist on Oct 16, 2021.
             Slain by a troll (5 damage)
             ... on level 4 of the Dungeon.
             The game lasted 00:11:56 (4836 turns).

quinnr the Gusty (Tengu Air Elementalist)           Turns: 4836, Time: 00:11:57

Health: 0/30       AC:  6    Str:  8    XL:     5   Next: 90%
Magic:  5/10       EV: 14    Int: 16    God:
Gold:   112        SH:  0    Dex: 15    Spells: 5/10 levels left

rFire   . . .      SeeInvis .   b - +1 dagger (drain)
rCold   . . .      Faith    .   (no shield)
rNeg    . . .      Spirit   .   k - +3 leather armour {Will+}
rPois   .          Reflect  .   (helmet restricted)
rElec   .          Harm     .   (no cloak)
rCorr   .          Rampage  .   (no gloves)
Will    +....                   (boots unavailable)
Stlth   ++........              (no amulet)
HPRegen 0.10/turn               (no ring)
MPRegen 0.12/turn               (no ring)

@: flying quickly and evasively, quick
A: beak, talons 3, nimble flight
a: no special abilities


You were on level 4 of the Dungeon.
You visited 1 branch of the dungeon, and saw 6 of its levels.

You collected 112 gold pieces.

Inventory:

Hand Weapons
 b - a +1 dagger of draining (weapon)
Armour
 a - a +0 robe
 k - a +3 leather armour of willpower (worn)
Jewellery
 m - an amulet of guardian spirit
Wands
 c - a wand of flame (3)
Scrolls
 d - a scroll of enchant armour {unknown}
 f - 3 scrolls of identify
 g - a scroll of enchant weapon {unknown}
 i - a scroll of vulnerability {unknown}
 j - 2 scrolls of magic mapping
 n - a scroll of summoning
 o - a scroll of amnesia {unknown}
Potions
 e - a potion of mutation {unknown}
 h - a potion of brilliance {unknown}
 l - a potion of heal wounds


   Skills:
 - Level 2.0 Fighting
 - Level 3.0 Dodging
 - Level 3.0 Stealth
 - Level 3.0 Spellcasting
 - Level 2.0 Conjurations
 + Level 5.8 Air Magic


You had 5 spell levels left.
You knew the following spells:

 Your Spells              Type           Power      Damage    Failure   Level
a - Shock                 Conj/Air       60%        1d6       5%          1
b - Airstrike             Air            10%        N/A       24%         4

Your spell library contained the following spells:

 Spells                   Type           Power      Damage    Failure   Level
 Swiftness                Air            21%        N/A       8%          3
 Static Discharge         Conj/Air       15%        N/A       9%          2
 Animate Skeleton         Necr           4%         N/A       26%         1
 Freeze                   Ice            8%         1d3       26%         1
 Pain                     Necr           8%         1d4       26%         1
 Ensorcelled Hibernation  Hex/Ice        4%         N/A       38%         2
 Frozen Ramparts          Ice            4%         1d2       63%         3
 Tukima's Dance           Hex            2%         N/A       63%         3
 Vampiric Draining        Necr           1%         2d6       63%         3
 Hailstorm                Conj/Ice       5%         3d4       87%         4


Dungeon Overview and Level Annotations

Branches:
Dungeon (6/15)
 Temple: D:4-7

Altars:

Annotations:
D:4 2 runed translucent doors, Eustachio


Innate Abilities, Weirdness & Mutations

You have a beak for a mouth.
You have claws for feet.
Your magical nature lets you fly swiftly and evasively.


Message History

Eustachio blinks!
The rat bites you but does no damage.
Unknown command.
As you read the scroll labelled KIOCZI NOOZEON, it crumbles to dust.
Wisps of shadow whirl around you...
It was a scroll of summoning.
The rat twitches its whiskers.
The rat misses you.
The quokka bites you but does no damage.
Eustachio hits your worm with a +0 rapier.
The rat bites your worm.
The rat twitches its whiskers.
The rat misses you.
You hit the rat. You drain the rat.
You kill the rat!
The rat's corpse disappears in a puff of smoke!
The quokka barely misses you.
Eustachio growls, "To hell with you, honourless miscreant!"
Eustachio barely misses your worm.
Your adder bites the troll but does no damage.
The rat barely misses your worm.
The quokka bites you but does no damage.
Your orc hits the quokka with a +0 dagger.
The rat misses you.
Unknown command.
Casting: Shock (safe; 5% risk of failure)
Confirm with . or Enter, or press ? or * to list all spells.
Aiming: Shock (safe; 5% risk of failure)
Press: ? - help, Shift-Dir - straight line, p - rat
Okay, then.
You hit the quokka.
You kill the quokka!
The quokka's corpse disappears in a puff of smoke!
Your adder bites the troll but does no damage.
Eustachio mumbles some strange words.
Eustachio blinks!
Your worm bites the rat but does no damage.
The rat bites your worm. The troll bites you!
Ouch! That really hurt!
* * * LOW HITPOINT WARNING * * *
The troll claws you.
You die...

### # ##.# # ##.## ###### #
### #S.# ####.#..### ##.#
##T# #.#.###.... ####.##
#####@# ##.###...## ..#.##
##..#r§# #.###..## ##..##
##...rwo## ##.##.###
###..#####..##§oo.#####....##
##........#o.......##..###
##.............###.....#
#..####........# ####..# #(.#
##...##..# #### ##..#
#<.####..#


You could see a troll (ally target), 2 rats, a friendly worm (summoned), a
friendly orc priest (summoned), a friendly orc wizard (summoned), a friendly
adder (summoned) and 2 friendly orcs.

Vanquished Creatures
  A hound (D:3)
  A bullfrog skeleton (D:4)
  An iguana (D:4)
  Ijyb (D:4)
  4 adders
  An adder skeleton (D:4)
  A dart slug (D:1)
  2 ball pythons (D:3)
  8 bats
  7 endoplasms
  A giant cockroach (D:3)
  6 goblins
  7 hobgoblins
  4 jackals (D:1)
  4 frilled lizards
  8 kobolds
  2 rats
59 creatures vanquished.

Notes
Turn   | Place    | Note
-------+----------+-------------------------------------------
     0 | D:1      | quinnr the Tengu Air Elementalist began the quest for the
                  | Orb.
     0 | D:1      | Reached XP level 1. HP: 10/10 MP: 4/4
   219 | D:1      | Reached XP level 2. HP: 15/15 MP: 3/6
   717 | D:1      | Reached XP level 3. HP: 19/19 MP: 0/7
  2364 | D:3      | Reached XP level 4. HP: 24/24 MP: 3/8
  2587 | D:3      | Learned a level 4 spell: Airstrike
  2659 | D:3      | You fall into a shaft and drop 3 floors!
  2659 | D:6      | Noticed an ice beast
  2669 | D:6      | Noticed a centaur
  2685 | D:5      | Entered Level 5 of the Dungeon
  2832 | D:4      | Found a large runed translucent door.
  2862 | D:4      | Reached skill level 1 in Fighting
  2862 | D:4      | Reached skill level 5 in Air Magic
  2862 | D:4      | Gained mutation: Your magical nature lets you fly swiftly
                  | and evasively. [Tengu growth]
  2862 | D:4      | Reached XP level 5. HP: 19/29 MP: 1/10
  3005 | D:3      | Found a faded altar of an unknown god.
  3975 | D:4      | Found a large runed translucent door.
  4145 | D:4      | Noticed Ijyb
  4170 | D:4      | Killed Ijyb
  4706 | D:5      | Noticed a troll
  4752 | D:5      | Noticed Eustachio
  4836 | D:4      | Slain by a troll

Illustrated notes

Levels and vault maps discovered:
D:1:      sevenhm_arrival_forest_fort_small_3, layout_loops_cross,
          minmay_misc_feat_tower
D:2:      layout_basic, due_unseen_surprise
D:3:      layout_basic, ebering_ecumenical_altar_abandoned
D:4:      layout_layer_cave, jmf_multi_god_temple2, uniq_ijyb
D:5:      layout_gridville, kennysheep_mini, old_standard_altar,
          uniq_blork_the_orc, uniq_eustachio, uniq_prince_ribbit1, uniq_sigmund
D:6:      layout_loops_corners, kennysheep_okawaru_gauntlet,
          minmay_temple_entry_arrows, lightli_sewer_entry_pipes,
          kb_lookout_dungeons_type

Skill      XL: |  1  2  3  4  5 |
---------------+----------------+-----
Conjurations   | 2 |  2.0
Dodging        | 3 |  3.0
Stealth        | 3 |  3.0
Spellcasting   | 3 |  3.0
Fighting       | 1 2 |  2.0
Air Magic      | 5 |  5.8

Action                   |  1- 3 |  4- 6 || total
-------------------------+-------+-------++-------
Melee: Peck              |     2 |     2 ||     4
       Unarmed           |     2 |       ||     2
       Kick              |     1 |     5 ||     6
       Dagger            |       |    12 ||    12
 Cast: Shock             |    84 |    79 ||   163
       Airstrike         |       |     2 ||     2
  Use: Scroll            |       |     3 ||     3
       Potion            |       |     2 ||     2
Armor: Robe              |     6 |     2 ||     8
       Leather armour    |       |    10 ||    10
Dodge: Dodged            |    12 |    49 ||    61

Table legend: (Time is in decaauts)
 A = Elapsed time spent in this place.
 B = Non-inter-level travel time spent in this place.
 C = Inter-level travel time spent in this place.
 D = Time resting spent in this place.
 E = Time spent auto-exploring this place.
 F = Levels seen in this place.
 G = Mean time per level.
                   A        B        C        D        E       F      G
               +--------+--------+--------+--------+--------+-----+--------+
         Total |   4704 |   4460 |    244 |    180 |   3818 |   6 |  784.0 |
       Dungeon |   4704 |   4460 |    244 |    180 |   3818 |   6 |  784.0 |
               +--------+--------+--------+--------+--------+-----+--------+

Top non-repeatable levels by time:
     D:4: 1469 daAuts
     D:1: 1184 daAuts
     D:2: 1151 daAuts
     D:3: 830 daAuts
     D:5: 42 daAuts
     D:6: 25 daAuts
